 Dungeon Crawl Stone Soup version 0.30.1-3-gfc49f6343a (webtiles) character file.

Game seed: 18030083817972494495

13 CaptainMV the Chucker (level 2, -6/19 HPs)
             Began as a Demonspawn Wanderer on July 26, 2023.
             Mangled by a gnoll
             ... wielding a +0 spear
              (7 damage)
             ... on level 1 of the Dungeon.
             The game lasted 00:05:00 (349 turns).

CaptainMV the Chucker (Demonspawn Wanderer)          Turns: 349, Time: 00:05:00

Health: -6/19      AC:  4    Str: 13    XL:     2   Next: 24%
Magic:  12/12      EV: 11    Int: 19    God:
Gold:   29         SH:  0    Dex: 11    Spells: 1/3 levels left

rFire   . . .        a - +2 dagger
rCold   . . .        (no shield)
rNeg    . . .        e - +0 robe
rPois   .            (no helmet)
rElec   .            (no cloak)
rCorr   .            (no gloves)
SInv    .            (no boots)
Will    .....        (no amulet)
Stlth   ++           g - +6 ring of intelligence
HPRegen 0.23/turn    j - ring of magical power
MPRegen 0.13/turn

%: no passive effects
@: no status effects
A: thin metallic scales 1
a: no special abilities


You were on level 1 of the Dungeon.
You visited 1 branch of the dungeon, and saw 1 of its levels.

You collected 29 gold pieces.

Inventory:

Hand Weapons
 a - a +2 dagger (weapon)
Missiles
 b - a curare-tipped dart (quivered)
Armour
 e - a +0 robe (worn)
Jewellery
 g - a +6 ring of intelligence (left hand)
 j - a ring of magical power (right hand)
Wands
 c - a wand of polymorph (7)
Scrolls
 d - a scroll of fog
 h - a scroll of acquirement {unknown}
 i - a scroll of teleportation
Potions
 f - a potion of haste {unknown}


   Skills:
 + Level 0.1 Fighting
 + Level 0.1 Short Blades
 + Level 3.0 Throwing
 + Level 2.0 Stealth
 + Level 1.0 Spellcasting
 + Level 2.9 Air Magic
 + Level 1.0 Evocations


You had one spell level left.
You knew the following spells:

 Your Spells              Type           Power      Damage    Failure   Level
a - Static Discharge      Conj/Air       12%        2-3/arc   16%         2

Your spell library contained the following spells:

 Spells                   Type           Power      Damage    Failure   Level
 Poisonous Vapours        Pois/Air       12%        N/A       16%         2


Dungeon Overview and Level Annotations

Branches:
Dungeon (1/15)

Altars:


Innate Abilities, Weirdness & Mutations

You are partially covered in thin metallic scales. (AC +2)


Message History

You kill the jackal!
You see here a jackal corpse.
b - a curare-tipped dart Memorise Static Discharge, consuming 2 spell levels and leaving 1?
You start memorising the spell.
You continue memorising. x2
You finish memorising.
Spell assigned to 'a'.
A quokka comes into view.
Throw: dart (curare)
Press: ? - help, Q - select action, (/) - cycle Shift-Dir - straight line, f - quokka
Aim: a quokka (43% to hit)
You throw a curare-tipped dart. The curare-tipped dart hits the quokka.
The quokka is poisoned.
The quokka convulses.
You kill the quokka!
b - a curare-tipped dart
Things that are here:
a +0 dagger; a kobold skeleton
Found an escape hatch in the floor.
Found 15 gold pieces.
Found 4 stones.
A gnoll comes into view. It is wielding a +0 spear.
The gnoll shouts!
The gnoll hits you with a +0 spear.
You hit the gnoll.
The gnoll is moderately wounded.
The gnoll hits you but does no damage.
You hit the gnoll but do no damage.
The gnoll is moderately wounded.
The gnoll hits you with a +0 spear.
You hit the gnoll.
The gnoll is heavily wounded.
The gnoll hits you with a +0 spear.
You hit the gnoll but do no damage.
The gnoll is heavily wounded.
The gnoll hits you with a +0 spear!
* * * LOW HITPOINT WARNING * * *
You hit the gnoll.
The gnoll is severely wounded.
The gnoll hits you with a +0 spear!
You die...

## ############ #.
#..........######.
#..#.#..##.#......
#..#.#..##.#.####.
#g.#....##.#.## #.
#@.#.#..##....# #.
#..#.#......#.# #.
#.............# #.
#......###>#### #.
#$##.#.# .#.. #
#....#.#.# #.#
#..###..# #.. #...
#.#( ### #.. ..#..
##


You could see a gnoll.

Vanquished Creatures
  A ball python (D:1)
  A giant cockroach (D:1)
  3 jackals (D:1)
  2 kobolds (D:1)
  A quokka (D:1)
  A frilled lizard (D:1)
  2 goblins (D:1)
11 creatures vanquished.

Notes
Turn   | Place    | Note
-------+----------+-------------------------------------------
     0 | D:1      | CaptainMV the Demonspawn Wanderer began the quest for the
                  | Orb.
     0 | D:1      | CaptainMV set off with the following items: a +2 dagger, a
                  | curare-tipped dart, a wand of polymorph (7), a scroll of
                  | fog, a +0 robe; and the following spells available to
                  | memorise: Poisonous Vapours, Static Discharge.
     0 | D:1      | Reached XP level 1. HP: 13/13 MP: 2/2
   210 | D:1      | Reached skill level 3 in Throwing
   210 | D:1      | Gained mutation: You are partially covered in thin metallic
                  | scales. (AC +2) [demonic ancestry]
   210 | D:1      | Reached XP level 2. HP: 19/19 MP: 3/3
   229 | D:1      | Learned a level 2 spell: Static Discharge
   349 | D:1      | Mangled by a gnoll

Illustrated notes

Levels and vault maps discovered:
D:1:      wheals_arrival_shading, layout_loops_cross

Skill      XL: |  1 |
---------------+----+-----
Stealth        | 2 |  2.0
Throwing       | 3 |  3.0
Fighting       | |  0.1
Short Blades   | |  0.1
Spellcasting   | |  1.0
Air Magic      | |  2.9
Evocations     | |  1.0

Action                     || total
---------------------------++-------
  Melee: Dagger            ||    27
         Punch             ||     1
  Throw: Dart              ||     5
    Use: Scroll            ||     1
   Stab: Sleeping          ||     1
 Armour: Robe              ||     7
  Dodge: Dodged            ||    11
